 Dungeon Crawl Stone Soup version 0.30-a0-743-gbfdf073431 (webtiles) character file.

Game seed: 559259873787716458

4230 gohu the Basher (level 10, -5/89 (91) HPs)
             Began as a Hill Orc Fighter on Jan 27, 2023.
             Was a Believer of Makhleb.
             Slain by a hornet (8 damage)
             ... on level 7 of the Dungeon on Feb 6, 2023.
             The game lasted 00:19:37 (6591 turns).

gohu the Basher (Hill Orc Fighter)                  Turns: 6591, Time: 00:19:38

HP:   -5/89 (91)    AC: 18    Str: 22    XL:     10   Next: 30%
MP:   10/10         EV:  9    Int:  8    God:    Makhleb [**....]
Gold: 332           SH: 11    Dex: 12    Spells: 9/9 levels left

rFire   . . .      SeeInvis .    L - +1 broad axe (freeze)
rCold   . . .      Faith    .    I - +2 kite shield
rNeg    . . .      Spirit   .    p - quicksilver dragon scales
rPois   .          Reflect  .    J - +2 hood of the Assassin {Detect Stab+ Stlth++}
rElec   .          Harm     .    B - +0 cloak
rCorr   .          Rampage  .    z - +0 pair of gloves
Will    +....                    u - +0 pair of boots
Stlth   +++                      (no amulet)
HPRegen 0.34/turn                (no ring)
MPRegen 0.12/turn                (no ring)

@: lethally poisoned (-5 -> -7), slowed, lightly drained, very slow
A: no striking features
a: Renounce Religion, Minor Destruction


You were on level 7 of the Dungeon.
You worshipped Makhleb.
Makhleb was pleased with you.
You visited 2 branches of the dungeon, and saw 9 of its levels.

You collected 332 gold pieces.

Inventory:

Hand Weapons
 a - a +0 flail
 n - the +8 flail of Saig {flame, *Slow rPois rCorr Int+5}
   (You found it on level 3 of the Dungeon)

   Int:       It affects your intelligence (+5).
   rPois:     It protects you from poison.
   rCorr:     It protects you from acid and corrosion.
   *Slow:     It may slow you when you take damage.
 L - a +1 broad axe of freezing (weapon)
Missiles
 H - a throwing net (quivered)
Armour
 b - a +0 scale mail
 c - a +0 buckler
 f - a +0 pair of boots
 p - quicksilver dragon scales (worn)
 u - a +0 pair of boots (worn)
 v - a +0 chain mail
 w - a +0 helmet
 z - a +0 pair of gloves (worn)
 B - a +0 cloak (worn)
 I - a +2 kite shield (worn)
 J - the +2 hood of the Assassin (worn) {Detect Stab+ Stlth++}
   (You found it on level 7 of the Dungeon)

   Detect:    It allows the wearer to sense nearby creatures.
   Stab+:     It allows the wearer to make particularly effective stabbing
   attacks against helpless or unaware enemies with any weapon.
   Stlth:     It makes you much more stealthy.
Jewellery
 G - the amulet "Seuwar" {Acrobat Harm rElec Slay-5}
   (You took it off an orc on level 7 of the Dungeon)

   [amulet of the acrobat]

   It increases your evasion while moving and waiting.
   Slay:      It affects your accuracy & damage with ranged weapons and melee
   (-5).
   rElec:     It insulates you from electricity.
   Harm:      It increases damage dealt and taken.
 M - a ring of willpower
Wands
 s - a wand of quicksilver (14)
 D - a wand of flame (16)
Scrolls
 e - 2 scrolls of fear {unknown}
 g - 4 scrolls of amnesia {unknown}
 j - 12 scrolls of identify {unknown}
 k - 6 scrolls of teleportation {unknown}
 m - a scroll of torment {unknown}
 o - 3 scrolls of noise {unknown}
 q - a scroll of poison {unknown}
 y - 3 scrolls of vulnerability {unknown}
 A - 2 scrolls of enchant weapon {unknown}
 K - a scroll of enchant armour {unknown}
Potions
 d - 2 potions of might
 h - a potion of brilliance {unknown}
 i - 5 potions of heal wounds {unknown}
 l - 2 potions of curing {unknown}
 r - a potion of attraction {unknown}
 t - 3 potions of mutation {unknown}
 x - a potion of magic {unknown}
 C - 2 potions of cancellation {unknown}
 E - 3 potions of degeneration {unknown}
 F - a potion of ambrosia {unknown}


   Skills:
 * Level 9.0 Fighting
 + Level 1.3(8.8) Axes
 - Level 11.5 Maces & Flails
 + Level 7.4 Armour
 + Level 6.2 Shields
 - Level 0.1 Evocations


You had 9 spell levels left.
You didn't know any spells.
Your spell library contained the following spells:

 Spells                   Type           Power      Damage    Failure   Level
 Beastly Appendage        Tmut           0%         N/A       87%         1
 Cigotuvi's Dreadful Rot  Necr/Pois/Air  0%         N/A       95%         2
 Lesser Beckoning         Tloc           0%         N/A       95%         2
 Scorch                   Fire           0%         2d5       95%         2
 Wereblood                Tmut           0%         N/A       95%         2
 Dazzling Flash           Conj/Hex       0%         N/A       99%         3
 Gell's Gravitas          Tloc           0%         N/A       99%         3
 Spider Form              Tmut/Pois      0%         N/A       99%         3
 Teleport Other           Tloc           0%         N/A       99%         3
 Dispel Undead            Necr           0%         3d6       100%        4
 Flame Wave               Conj/Fire      0%         2d4       100%        4
 Agony                    Necr           0%         N/A       100%        5
 Silence                  Hex/Air        0%         N/A       100%        5
 Death Channel            Necr           0%         N/A       100%        6
 Summon Cactus Giant      Summ           0%         N/A       100%        6


Dungeon Overview and Level Annotations

Branches:
Dungeon (8/15)             Temple (1/1) D:4
   Lair: D:8-11

Altars:
Ashenzari
Cheibriados
Dithmenos
Elyvilon
Hepliaklqana
Kikubaaqudgha
Makhleb
Nemelex Xobeh
Qazlal
Sif Muna
Trog
Uskayaw
Vehumet
Wu Jian
Xom
Yredelemnul
Zin
The Shining One

Shops:
D:5 *   D:6 [

Annotations:
D:3 2 transporters, CoolSool's ghost, amateur HOMo


Message History

The hornet stings you.
You feel as though you will be slow longer.
You block the hornet's attack.
You barely miss the hornet.
The hornet is heavily wounded.
You block the hornet's attack. The hornet stings you!
You are poisoned.
You feel as though you will be slow longer.
The hornet stings you!
* * * LOW HITPOINT WARNING * * *
You feel as though you will be slow longer.
You miss the hornet.
The hornet is heavily wounded.
You feel very sick. The hornet completely misses you.
The hornet stings you but does no damage.
The hornet closely misses you.
You completely miss the hornet.
The hornet is heavily wounded.
You feel very sick. You block the hornet's attack.
The hornet closely misses you.
The hornet stings you but does no damage.
You block the hornet's attack.
You miss the hornet.
The hornet is heavily wounded.
You feel very sick. The hornet stings you.
* * * LOW HITPOINT WARNING * * *
You feel as though you will be slow longer.
You block the hornet's attack. x2
Aiming: Minor Destruction (24% risk of failure)
Press: ? - help, Shift-Dir - straight line, f - hornet
Aim: a hornet (heavily wounded)
The stone arrow hits the hornet!
The hornet is severely wounded.
You feel sick. The hornet stings you.
* * * LOW HITPOINT WARNING * * *
You feel as though you will be slow longer.
The hornet stings you!
You die...

#### ##..# ##...## ##.....#
#......### #........###
##.......#@## ### ##.......##y)#
#.####......(.....#####
..##.#..).<........#..##########
...............................#
...........###.#####.#####.###.#
...........##...###.#.##.....#.#
...........#.##..#.#.#.#...###.#
...............##.#.#.#.##.##..#


You could see a hornet.

Vanquished Creatures
  A komodo dragon (D:7)
  A slime creature (D:7)
  2 vampire mosquitoes (D:7)
  2 water moccasins
  4 orc warriors
  4 black bears
  3 ice beasts
  5 ogres
  A centaur (D:7)
  2 kobold brigands (D:7)
  5 phantoms
  A necrophage (D:5)
  2 bullfrogs
  A gnoll sergeant (D:7)
  2 scorpions
  A wight (D:7)
  2 vampire bats (D:4)
  2 howler monkeys (D:7)
  4 hounds
  A jelly (D:7)
  3 orc priests
  4 iguanas
  7 orc wizards
  10 gnolls
  4 adders
  2 white imps (D:5)
  17 orcs
  7 ball pythons
  12 bats
  7 endoplasms
  6 giant cockroaches
  11 goblins
  10 hobgoblins
  9 jackals
  6 kobolds
  4 quokkas
  6 frilled lizards
  6 rats
177 creatures vanquished.

Notes
Turn   | Place    | Note
-------+----------+-------------------------------------------
     0 | D:1      | gohu the Hill Orc Fighter began the quest for the Orb.
     0 | D:1      | Reached XP level 1. HP: 19/19 MP: 1/1
   111 | D:1      | Reached XP level 2. HP: 23/27 MP: 2/2
   503 | D:1      | Reached XP level 3. HP: 28/33 MP: 3/3
   757 | D:2      | Reached skill level 3 in Maces & Flails
  1139 | D:2      | Identified the +0 robe of the Abyss {rElec Int-4 Dex-4
                  | SInv}
  1308 | D:3      | Reached XP level 4. HP: 41/41 MP: 4/4
  1340 | D:3      | Identified the +8 flail of Saig {flame, *Slow rPois rCorr
                  | Int+5}
  1378 | D:3      | Found a transporter.
  1379 | D:3      | Noticed CoolSool's ghost (amateur HOMo)
  1447 | D:3      | Reached skill level 4 in Maces & Flails
  1447 | D:3      | Reached XP level 5. HP: 26/47 MP: 5/5
  1659 | D:3      | Noticed a phantom
  1665 | D:3      | Killed a phantom
  1678 | D:3      | Reached XP level 6. HP: 54/55 MP: 6/6
  1693 | D:3      | Found a transporter.
  1733 | D:3      | Reached skill level 5 in Maces & Flails
  2222 | D:4      | Reached skill level 5 in Fighting
  2359 | D:4      | Found a staircase to the Ecumenical Temple.
  2369 | Temple   | Entered the Ecumenical Temple
  2484 | Temple   | Became a worshipper of Makhleb the Destroyer
  2747 | D:4      | Reached XP level 7. HP: 60/61 MP: 7/7
  2843 | D:5      | Entered Level 5 of the Dungeon
  2883 | D:4      | Reached skill level 6 in Maces & Flails
  3357 | D:5      | Reached skill level 7 in Maces & Flails
  3357 | D:5      | Reached skill level 5 in Armour
  3390 | D:5      | Reached XP level 8. HP: 70/70 MP: 8/8
  3391 | D:5      | Found Mokhlosk's Mass Market.
  3463 | D:5      | Reached skill level 8 in Maces & Flails
  4623 | D:6      | Found Holop's Antique Armour Shop.
  4719 | D:6      | Reached skill level 9 in Maces & Flails
  4784 | D:6      | Reached * piety under Makhleb
  4926 | D:6      | Reached XP level 9. HP: 65/78 MP: 9/9
  5191 | D:6      | Reached skill level 5 in Shields
  5372 | D:6      | Upgraded the game from 0.30-a0-721-ga6a225cb13 to
                  | 0.30-a0-743-gbfdf073431
  5389 | D:6      | Reached skill level 10 in Maces & Flails
  5524 | D:7      | Found the +2 hood of the Assassin {Detect Stab+ Stlth++}
  5535 | D:7      | Identified the amulet "Seuwar" {Acrobat Harm rElec Slay-5}
  5793 | D:7      | Reached skill level 11 in Maces & Flails
  5937 | D:7      | Reached XP level 10. HP: 75/88 MP: 10/10
  5946 | D:7      | Reached ** piety under Makhleb
  6336 | D:7      | Reached skill level 1 in Axes
  6576 | D:8      | Paralysed by a hornet for 3 turns
  6591 | D:7      | HP: 3/89 [hornet (6)]
  6591 | D:7      | Slain by a hornet

Illustrated notes

Levels and vault maps discovered:
D:1:      dpeg_arrival_subterranean_lakeside_camping, layout_basic
D:2:      layout_basic, chequers_serial_rivers_small_3, minmay_bisected
D:3:      layout_loops_ring, gammafunk_ghost_stat_death
D:4:      layout_basic, minmay_temple_entry_antechambers, roderic_batcave,
          minmay_misc_feat_alley
D:5:      layout_layer_cave, minmay_shop_mass, grunt_ministairs_10, sigmund_army
D:6:      layout_gridville, serial_shops, kennysheep_mini, st_stairs_3
D:7:      minmay_the_grid_square_5x5_3x3
          [minmay_the_grid_square_5x5_intrusive_squares,
          minmay_the_grid_square_5x5_checkered, minmay_the_grid_square_5x5_v,
          minmay_the_grid_square_5x5_two_small,
          minmay_the_grid_square_5x5_megaprize_open,
          minmay_the_grid_square_5x5_shrine2,
          minmay_the_grid_square_5x5_inner_i, minmay_the_grid_square_5x5_bridge,
          minmay_the_grid_square_5x5_fat_x], layout_cave_pools
D:8:      layout_basic, general_overflow_altar, grunt_lair_entry_orc_guard_hut,
          minmay_sticks_and_stones
Temple:   compressed_dpeg_triangle_lava_temple

Skill      XL: |  1  2  3  4  5  6  7  8  9 10 |
---------------+-------------------------------+-----
Fighting       | 4 5 6 8 9 |  9.0
Maces & Flails | 3 4 5 7 9 11 | 11.5
Armour         | 4 5 7 |  7.4
Shields        | 4 5 6 |  6.2
Axes           | 1 |  1.3
Evocations     | |  0.1

Action                     |  1- 3 |  4- 6 |  7- 9 | 10-12 || total
---------------------------+-------+-------+-------+-------++-------
  Melee: Flail             |   145 |    79 |   166 |    40 ||   430
         Broad axe         |       |       |       |    30 ||    30
 Invoke: Minor Destruction |       |       |       |     1 ||     1
  Evoke: Wand              |       |     1 |     2 |       ||     3
 Armour: Scale mail        |    81 |    11 |       |       ||    92
         Quicksilver drago |       |    24 |   131 |    38 ||   193
  Dodge: Dodged            |    81 |    32 |   107 |    25 ||   245
  Block: Buckler           |    35 |    17 |    60 |     4 ||   116
         Kite shield       |       |       |       |    36 ||    36

Table legend: (Time is in decaauts)
 A = Elapsed time spent in this place.
 B = Non-inter-level travel time spent in this place.
 C = Inter-level travel time spent in this place.
 D = Time resting spent in this place.
 E = Time spent auto-exploring this place.
 F = Levels seen in this place.
 G = Mean time per level.
                   A        B        C        D        E       F      G
               +--------+--------+--------+--------+--------+-----+--------+
         Total |   6673 |   6451 |    222 |    176 |   4806 |   9 |  741.4 |
       Dungeon |   6538 |   6316 |    222 |    176 |   4806 |   8 |  817.2 |
        Temple |    134 |    134 |      0 |      0 |      0 |   1 |  134.0 |
               +--------+--------+--------+--------+--------+-----+--------+

Top non-repeatable levels by time:
     D:5: 1300 daAuts
     D:4: 1079 daAuts
     D:6: 1039 daAuts
     D:7: 941 daAuts
     D:3: 829 daAuts
     D:1: 764 daAuts
     D:2: 567 daAuts
  Temple: 134 daAuts
     D:8: 16 daAuts
